 Dungeon Crawl Stone Soup version 0.24-a0-184-gcb5ae2c (webtiles) character file.

Game seed: 6121809394810010761

2202 Dfrag the Conjurer (level 9, -3/57 HPs)
             Began as a Demonspawn Fire Elementalist on Mar 15, 2019.
             Was an Initiate of Vehumet.
             Slain by a human
             ... wielding a +0 hand axe
              (8 damage)
             ... on level 7 of the Dungeon.
             The game lasted 00:07:21 (5111 turns).

Dfrag the Conjurer (Demonspawn Fire Elementalist)   Turns: 5111, Time: 00:07:21

Health: -3/57      AC:  5    Str: 10    XL:     9   Next: 12%
Magic:  1/19       EV: 12    Int: 20    God:    Vehumet [......]
Gold:   330        SH:  0    Dex: 14    Spells: 8/21 levels left

rFire    . . .     SeeInvis +   D - +0 long sword
rCold    + . .     Gourm    .   (no shield)
rNeg     . . .     Faith    .   a - +0 robe
rPois    +         Spirit   .   (helmet restricted)
rElec    +         Reflect  .   (no cloak)
rCorr    .         Harm     .   (no gloves)
MR       .....                  n - +0 pair of boots
Stlth    ++........             (no amulet)
HPRegen  0.19/turn              o - ring of see invisible
MPRegen  0.16/turn              A - ring of the Hart {+Inv rElec rPois rC+ Str+2}

@: flying, very slightly contaminated
A: horns 2, thin metallic scales 1, powered by death 1
a: Renounce Religion, Evoke Invisibility


You were on level 7 of the Dungeon.
You worshipped Vehumet.
Vehumet was noncommittal.
You were very hungry.

You visited 2 branches of the dungeon, and saw 8 of its levels.

You collected 330 gold pieces.

Inventory:

Hand Weapons
 j - a +0 dagger of speed
 D - a +0 long sword (weapon)
Armour
 a - a +0 robe (worn)
 n - a +0 pair of boots (worn)
Jewellery
 o - a ring of see invisible (left hand)
 A - the ring of the Hart (right hand) {+Inv rElec rPois rC+ Str+2}
   (You found it on level 6 of the Dungeon)

   [ring of poison resistance]

   It affects your strength (+2).
   It protects you from cold.
   It insulates you from electricity.
   It protects you from poison.
   It lets you turn invisible.
Wands
 p - a wand of iceblast (3)
 u - a wand of paralysis (2)
Scrolls
 b - 3 scrolls of amnesia {unknown}
 d - 6 scrolls of teleportation {unknown}
 e - 4 scrolls of remove curse {unknown}
 h - 3 scrolls of magic mapping {unknown}
 k - a scroll of noise {unknown}
 l - 3 scrolls of identify {unknown}
 m - 2 scrolls of immolation {unknown}
 q - a scroll of blinking {unknown}
 s - a scroll of acquirement {unknown}
 t - a scroll of enchant armour {unknown}
 v - a scroll of fear {unknown}
 y - a scroll of fog {unknown}
Potions
 f - 2 potions of flight
 g - a potion of mutation {unknown}
 i - 2 potions of heal wounds {unknown}
 r - a potion of berserk rage {unknown}
 w - a potion of agility {unknown}
 x - a potion of might {unknown}
 z - a potion of cancellation {unknown}
 C - a potion of lignification {unknown}
 E - a potion of curing {unknown}
Comestibles
 c - 14 rations
 B - 5 chunks of flesh


   Skills:
 - Level 1.7 Dodging
 - Level 1.7 Stealth
 + Level 6.7 Spellcasting
 + Level 7.0 Conjurations
 + Level 6.9 Fire Magic


You had 8 spell levels left.
You knew the following spells:

 Your Spells              Type           Power        Failure   Level  Hunger
a - Flame Tongue          Conj/Fire      ####.        1%          1    None
b - Conjure Flame         Conj/Fire      ####....     1%          3    #......
c - Sticky Flame          Conj/Fire      ####....     5%          4    ###....
d - Fireball              Conj/Fire      ####......   16%         5    #####..

Your spell library contained the following spells:

 Spells                   Type           Power        Failure   Level  Hunger
 Throw Flame              Conj/Fire      ####..       1%          2    None
 Inner Flame              Hex/Fire       ###.....     7%          3    #......


Dungeon Overview and Level Annotations

Branches:
Dungeon (7/15)             Temple (1/1) D:5

Altars:
Cheibriados
Hepliaklqana
Qazlal
Ru
Trog
Uskayaw
Vehumet
Wu Jian


Innate Abilities, Weirdness & Mutations

You have a pair of horns on your head.
You are partially covered in thin metallic scales. (AC +2)
You regenerate a little health from kills.


Message History

The human barely misses you.
You hit the human but do no damage.
The human is severely wounded.
The human hits you with a +0 hand axe.
You barely miss the human.
The human is severely wounded.
The gnoll barely misses you. The human hits you with a +0 hand axe!
The gnoll hits you from afar with a +0 spear!
* * * LOW HITPOINT WARNING * * *
2 gnolls come into view.
The gnoll moves out of view.
The gnoll hits you with a +0 spear!
* * * LOW HITPOINT WARNING * * *
Okay, then.
It was a potion of flight.
You feel very buoyant.
You fly up into the air.
The gnoll shouts!
The gnoll closely misses you. The human hits you with a +0 hand axe!
You die...

##.......# ### #......... #.#
#......... ########### #.#
#......... #.........# #.####
#......... #.......[.####..†g#
#......... #.........#...Y##.###
##.......# #.............p##...#
#.........
#...#######.#..@g##.###.........
#...'hh.%%#.#.....g.g##.........
#...#p...%###....##.............
#...###h### ###..###............
##### ....# #..###.#..........
....# #..##..#.#......#. ####
#..≈Y....#..#.###.
#$..........#.###.
...........##..#.##..


You could see a human, a sky beast and 3 gnolls.

Vanquished Creatures
  A centaur skeleton (D:6)
  Prince Ribbit (D:5)
  Grinder (D:3)
  4 hogs (D:7)
  Menkaure (D:4)
  Purgy (D:4)
  A sky beast (D:7)
  2 ogres (D:7)
  3 bullfrogs
  An iguana (D:5)
  An orc wizard (D:3)
  2 worker ants (D:4)
  Natasha (twice) (D:2)
  A hound skeleton (D:4)
  A howler monkey skeleton (D:6)
  3 adders
  2 adder skeletons (D:7)
  6 worms
  3 dart slugs
  3 leopard geckos
  11 orcs
  2 ball pythons (D:2)
  8 bats
  4 giant cockroaches
  8 hobgoblins
  6 jackals
  4 frilled lizards
  3 goblins
  9 kobolds
  11 rats
106 creatures vanquished.

Notes
Turn   | Place    | Note
-------+----------+-------------------------------------------
     0 | D:1      | Dfrag the Demonspawn Fire Elementalist began the quest for
                  | the Orb.
     0 | D:1      | Reached XP level 1. HP: 13/13 MP: 3/3
   103 | D:1      | Gained mutation: You are partially covered in thin metallic
                  | scales. (AC +2) [demonic ancestry]
   103 | D:1      | Reached XP level 2. HP: 19/19 MP: 0/5
   960 | D:2      | Gained mutation: You have a pair of small horns on your
                  | head. [demonic ancestry]
   960 | D:2      | Reached XP level 3. HP: 4/24 MP: 1/6
  1059 | D:2      | Reached skill level 2 in Conjurations
  1367 | D:2      | Noticed Natasha
  1375 | D:2      | Killed Natasha
  1375 | D:2      | Reached XP level 4. HP: 25/30 MP: 0/8
  1535 | D:2      | Noticed Natasha
  1547 | D:2      | Killed Natasha
  1572 | D:2      | Learned a level 3 spell: Conjure Flame
  1577 | D:2      | Learned a level 4 spell: Sticky Flame
  1770 | D:3      | Found a snail-covered altar of Cheibriados.
  1894 | D:3      | Reached XP level 5. HP: 35/35 MP: 4/9
  1996 | D:3      | Reached skill level 3 in Conjurations
  2319 | D:3      | Noticed Grinder
  2326 | D:3      | Killed Grinder
  2326 | D:3      | Reached XP level 6. HP: 12/41 MP: 3/12
  2956 | D:4      | Noticed Menkaure
  2962 | D:4      | Killed Menkaure
  2962 | D:4      | Reached skill level 4 in Conjurations
  3050 | D:4      | Gained mutation: You regenerate a little health from kills.
                  | [demonic ancestry]
  3050 | D:4      | Reached XP level 7. HP: 27/46 MP: 7/13
  3100 | D:4      | Noticed Purgy
  3186 | D:4      | Killed Purgy
  3219 | D:4      | Reached skill level 5 in Fire Magic
  3755 | D:5      | Entered Level 5 of the Dungeon
  3852 | D:5      | Found an ornate altar of the Wu Jian Council.
  3852 | D:5      | Noticed Prince Ribbit
  3862 | D:5      | Killed Prince Ribbit
  3862 | D:5      | Reached skill level 5 in Spellcasting
  3862 | D:5      | Reached skill level 5 in Conjurations
  3901 | D:5      | Found a hide-covered altar of Uskayaw.
  3943 | D:5      | Found a bloodstained altar of Trog.
  4004 | D:5      | Found a staircase to the Ecumenical Temple.
  4049 | Temple   | Entered the Ecumenical Temple
  4058 | Temple   | Became a worshipper of Vehumet
  4486 | D:6      | Reached XP level 8. HP: 25/52 MP: 2/16
  4558 | D:6      | Got a faintly glowing jade ring
  4898 | D:7      | Reached skill level 6 in Conjurations
  4944 | D:7      | Identified the ring of the Hart {+Inv rElec rPois rC+
                  | Str+2} (You found it on level 6 of the Dungeon)
  5003 | D:7      | Learned a level 5 spell: Fireball
  5091 | D:7      | Gained mutation: You have a pair of horns on your head.
                  | [demonic ancestry]
  5091 | D:7      | Reached XP level 9. HP: 28/57 MP: 2/18
  5105 | D:7      | Reached skill level 7 in Conjurations
  5111 | D:7      | Slain by a human

Levels and vault maps discovered:
D:1:      giann_wishing_wells, layout_basic, skrybe_limestone_x,
          minmay_fountain_box
D:2:      layout_loops_corners, first_ration, uniq_natasha
D:3:      layout_loops_corners, lemuel_doored_altar, uniq_grinder
D:4:      layout_loops_ring, serial_forest, infiniplex_forest_straight_1,
          infiniplex_forest_clump_small, infiniplex_forest_end_2,
          infiniplex_forest_zigzag_1, infiniplex_forest_clump_tiny,
          infiniplex_forest_straight_1, uniq_menkaure, uniq_purgy
D:5:      layout_cave_pools, lightli_temple_of_fire, lemuel_crystal_altar,
          kennysheep_little_box, minmay_temple_entry_grid, uniq_prince_ribbit1
D:6:      layout_basic, serial_corexii_hall, chequers_hall_statues_wall_a,
          corexii_hall_statues_i, corexii_corridor_pit
D:7:      layout_rooms, grunt_livestock, chequers_serial_rivers_small_3
Temple:   regret_index_temple_mists

Skill      XL: |  1  2  3  4  5  6  7  8  9 |
---------------+----------------------------+-----
Fire Magic     | 3 4 5 6 |  6.9
Conjurations   | 2 3 4 5 6 7 |  7.0
Spellcasting   | 3 4 5 6 |  6.7
Dodging        | |  1.7
Stealth        | |  1.7

Action                   |  1- 3 |  4- 6 |  7- 9 || total
-------------------------+-------+-------+-------++-------
Melee: Unarmed           |    21 |       |       ||    21
       Dagger            |    51 |    28 |    13 ||    92
       Headbutt          |     1 |     2 |    10 ||    13
       Long sword        |       |       |    26 ||    26
 Cast: Flame Tongue      |    61 |    81 |    38 ||   180
       Sticky Flame      |       |     3 |    14 ||    17
       Conjure Flame     |       |       |     1 ||     1
       Fireball          |       |       |     1 ||     1
Evoke: Wand              |       |       |     3 ||     3
  Use: Potion            |       |       |     1 ||     1
 Stab: Sleeping          |     2 |       |       ||     2
       Paralysed         |       |       |     1 ||     1
  Eat: Chunk             |     2 |     6 |     8 ||    16
Armor: Robe              |    19 |    12 |    17 ||    48
Dodge: Dodged            |    38 |    31 |    47 ||   116
       Rpst.: Long sword |       |       |    13 ||    13

Table legend:
 A = Non-vault XP
 B = Vault XP
 C = Vault XP percentage of total XP
 D = Non-vault monster count
 E = Vault monster count
 F = Vault count percentage of total count
                 A         B        C        D         E       F
            +---------+---------+-------+---------+---------+-------
      Total |    1501 |    1645 |  52.3 |      97 |       9 |   8.5
            +---------+---------+-------+---------+---------+-------
        D:1 |      28 |       0 |   0.0 |      17 |       0 |   0.0
        D:2 |     112 |      32 |  22.2 |      31 |       1 |   3.1
        D:3 |     108 |     258 |  70.5 |      25 |       1 |   3.8
        D:4 |     207 |     307 |  59.7 |      12 |       2 |  14.3
        D:5 |      40 |     264 |  86.8 |       2 |       1 |  33.3
        D:6 |     620 |       0 |   0.0 |       4 |       0 |   0.0
        D:7 |     386 |     784 |  67.0 |       6 |       4 |  40.0
            +---------+---------+-------+---------+---------+-------
